Map: Newkirk Precinct TE (Void)

Players

Scarlett - Winner!

  • Race: Zerg Zerg
  • League: Master
  • Spawn Location: 5:00

INnoVation

  • Race: Terran Terran
  • League: Grandmaster
  • Spawn Location: 7:00

Event: NationWars IV

VOD

https://www.youtube.com/watch?v=-VV3-YLxKrI

Description

Time

  • Played on: Jan. 4, 2017, 4:21 p.m.
  • Length: 9:11
Show
View Real Time Build Order
Export as new Build Order

Scarlett Zerg - Winner!

Build Orders: Hatch First 

Get SALT Encoding   

  12  0:01  Drone  
  13  0:13  Overlord  
  13  0:18  Drone  
  14  0:31  Drone x2  
  14  0:35  Drone  
  17  0:52  Hatchery  
  17  0:56  Drone  
  17  0:58  Drone  
  17  1:00  Extractor  
  17  1:14  Spawning Pool  
  17  1:17  Drone  
  17  1:20  Drone  
  18  1:28  Drone  
  19  1:39  Overlord  
  19  1:49  Drone  
  20  2:00  Metabolic Boost  
  20  2:01  Queen  
  20  2:03  Queen  
  20  2:06  Zergling x2  
  25  2:09  Zergling x2  
  25  2:12  Drone  
  27  2:21  Drone  
  28  2:23  Drone  
  28  2:26  Drone  
  29  2:37  Evolution Chamber  
  27  2:46  Overlord  
  27  2:50  Zergling x6  
  30  2:53  Queen  
  32  3:02  Zerg Ground Armor Level 1  
  32  3:03  Zergling x2  
  33  3:17  Zergling x4  
  33  3:18  Zergling x6  
  37  3:27  Zergling x2  
  37  3:28  Zergling x4  
  40  3:43  Zergling x2  
  40  3:44  Zergling x6  
  44  3:51  Overlord  
  43  4:09  Drone x2  
  44  4:10  Overlord  
  41  4:28  Zergling x18  
  48  4:34  Baneling Nest  
  46  4:42  Zergling x8  
  50  4:49  Zergling x2  
  51  4:56  Zergling x4  
  53  5:01  Zergling x8  
  57  5:12  Zergling x4, Overlord  
  59  5:20  Baneling x6  
  59  5:21  Baneling  
  59  5:23  Baneling  
  59  5:30  Baneling x2  
  59  5:32  Overlord  
  55  5:51  Baneling x3  
  55  5:55  Zergling x10  
  53  6:14  Drone  
  53  6:15  Drone x6  
  60  6:20  Overlord  
  60  6:25  Zerg Melee Weapons Level 1  
  60  6:30  Overlord  
  60  6:34  Overlord  
  59  6:45  Drone  
  59  6:46  Drone x4  
  64  6:50  Overlord  
  64  7:01  Overlord x2  
  64  7:14  Zergling x4  
  66  7:16  Hatchery  
  66  7:19  Zergling x4  
  67  7:23  Zergling x4  
  69  7:33  Zergling x12  
  75  7:39  Baneling x3  
  75  7:40  Baneling  
  75  7:43  Baneling x3  
  75  7:44  Baneling  
  75  7:46  Zergling x2  
  75  7:47  Zergling x4  
  78  7:57  Zergling x8  
  82  8:04  Zergling x6  
  85  8:08  Zergling x2  
  85  8:12  Zergling x6  
  89  8:19  Zergling x4  
Show
View Real Time Build Order
Export as new Build Order

INnoVation Terran 

Build Orders: Reaper Expand, MMM Bio 

Get SALT Encoding   

  12  0:00  SCV  
  13  0:12  SCV  
  14  0:17  Supply Depot  
  14  0:25  SCV  
  15  0:39  SCV  
  15  0:40  Barracks  
  16  0:44  Refinery  
  16  0:51  SCV  
  17  1:03  SCV  
  18  1:15  SCV  
  19  1:27  Orbital Command  
  19  1:28  Reaper  
  20  1:41  Command Center  
  20  1:53  Barracks  
  20  1:55  SCV  
  20  2:00  Barracks Reactor  
  21  2:07  SCV  
  22  2:12  Supply Depot  
  22  2:14  Refinery  
  22  2:19  SCV  
  23  2:24  Factory  
  23  2:34  SCV  
  24  2:38  Marine x2  
  24  2:40  Barracks Tech Lab  
  26  2:46  SCV  
  27  2:53  Orbital Command  
  27  2:58  Marine, SCV  
  28  2:59  Marine  
  28  3:00  Marine  
  31  3:09  Stimpack  
  31  3:10  SCV  
  32  3:18  Starport  
  32  3:20  SCV  
  32  3:23  Factory Reactor  
  32  3:24  Marine  
  32  3:26  Marine  
  35  3:28  Marine  
  35  3:32  SCV  
  35  3:33  SCV  
  38  3:42  Supply Depot  
  38  3:43  Marine  
  38  3:44  Marine  
  38  3:46  Marine  
  38  3:47  SCV  
  42  3:53  Supply Depot, SCV  
  43  4:01  Marine  
  44  4:03  SCV  
  44  4:05  SCV  
  45  4:11  Medivac x2  
  45  4:16  Marine x2  
  48  4:19  Marine, SCV  
  48  4:20  SCV  
  47  4:32  SCV x2  
  49  4:39  Marine x2  
  49  4:40  Marine  
  52  4:45  Supply Depot  
  52  4:47  SCV  
  52  4:48  SCV  
  54  4:56  Supply Depot  
  54  5:07  SCV x2, Engineering Bay  
  54  5:10  Combat Shields, Engineering Bay  
  54  5:12  Marine x3  
  59  5:19  SCV x2  
  59  5:21  Supply Depot  
  61  5:30  Marine x3  
  61  5:31  SCV x2  
  66  5:43  SCV x2  
  66  5:44  Supply Depot  
  66  5:47  Marine  
  66  5:48  Marine  
  70  5:50  Marine  
  70  5:55  SCV x2  
  69  5:57  Orbital Command  
  61  6:06  Medivac x2  
  61  6:07  Marine x2  
  61  6:08  Marine  
  58  6:11  SCV  
  58  6:15  Supply Depot  
  57  6:24  Engineering Bay x2  
  57  6:27  Supply Depot  
  57  6:28  Supply Depot  
  57  6:37  Marine x2, SCV x2  
  57  6:38  Marine  
  62  6:49  SCV x2, Widow Mine  
  68  7:01  SCV x2  
  68  7:04  Terran Infantry Weapons Level 1  
  68  7:05  Terran Infantry Armor Level 1  
  68  7:13  SCV x2  
  70  7:19  Marine x3  
  70  7:20  Supply Depot  
  73  7:25  Factory Reactor  
  73  7:26  SCV x2  
  75  7:37  Marine x3  
  75  7:41  SCV x2  
  75  7:43  Supply Depot  
  80  7:48  Command Center  
  80  7:54  SCV x2  
  80  7:57  Marine  
  80  7:58  Marine x2  
  85  8:05  Supply Depot  
  85  8:13  Barracks  
  85  8:14  Barracks, Supply Depot, SCV x2  
  85  8:15  Barracks  
Tags
 
Add a new tag
Caveats
  • Supply blocks, unpowered buildings, or Contaminate may cause inaccurate times.
  • Supply counts are checked every 10 seconds.